 Dungeon Crawl Stone Soup version 0.28.0-1-gb440e238dd (webtiles) character file.

Game seed: 14979356470143793782

203 croobank the Distorting Demonspawn (level 5, 0/42 HPs)
             Began as a Demonspawn Abyssal Knight on Feb 27, 2022.
             Was a Believer of Lugonu.
             Killed by nerve-wracking pain
             ... invoked by an orc priest
              (8 damage)
             ... on level 4 of the Dungeon.
             The game lasted 00:12:27 (5301 turns).

croobank the Distorting Demonspawn (DsAK)           Turns: 5301, Time: 00:12:27

Health: 0/42       AC:  9    Str: 16    XL:     5   Next: 51%
Magic:  17/17      EV:  7    Int: 13    God:    Lugonu [**....]
Gold:   74         SH:  0    Dex: 13    Spells: 3/4 levels left

rFire   . . .      SeeInvis .   n - +3 whip (spect)
rCold   . . .      Faith    .   (no shield)
rNeg    . . .      Spirit   .   t - +0 chain mail
rPois   .          Reflect  .   (no helmet)
rElec   .          Harm     .   (no cloak)
rCorr   .          Rampage  .   (no gloves)
Will    .....                   (no boots)
Stlth   ..........              (no amulet)
HPRegen 0.14/turn               h - ring of magical power
MPRegen 0.15/turn               (no ring)

@: about to teleport
A: big brain 1
a: Renounce Religion, Depart the Abyss, Bend Space


You were on level 4 of the Dungeon.
You worshipped Lugonu.
Lugonu was pleased with you.
You visited 1 branch of the dungeon, and saw 4 of its levels.
You visited the Abyss 1 time.

You collected 74 gold pieces.

Inventory:

Hand Weapons
 a - a +1 hand axe of protection
 b - a +0 hunting sling
 d - a +3 dagger
 i - a +2 dagger of venom
 n - a +3 spectral whip (weapon)
 r - a +1 dagger of venom
Missiles
 c - 102 stones
 f - 29 sling bullets
 l - 22 bolts
 m - 11 poisoned darts
 p - 21 arrows
Armour
 j - a +0 leather armour
 t - a +0 chain mail (worn)
Magical Staves
 e - a staff of earth
Jewellery
 h - a ring of magical power (left hand)
Scrolls
 q - 2 scrolls of vulnerability
 s - a scroll of noise {unknown}


   Skills:
 + Level 3.8 Fighting
 - Level 2.4(2.5) Axes
 + Level 1.0(1.8) Maces & Flails
 + Level 2.8 Armour
 + Level 2.2 Dodging
 + Level 4.0 Invocations


You had 3 spell levels left.
You knew the following spells:

 Your Spells              Type           Power      Damage    Failure   Level
a - Pain                  Necr           0%         1d4       99%         1

Your spell library contained the following spells:

 Spells                   Type           Power      Damage    Failure   Level
 Agony                    Necr           0%         N/A       100%        5
 Excruciating Wounds      Necr           0%         N/A       100%        5


Dungeon Overview and Level Annotations

Branches:
Dungeon (4/15)
 Temple: D:4-7

Altars:
Kikubaaqudgha
Wu Jian


Innate Abilities, Weirdness & Mutations

You have an unusually large brain. (Int +2)


Message History

You hit the orc.
The orc is heavily wounded.
Your +3 spectral whip hits the orc!
You kill the orc!
Lugonu accepts your kill.
An orc priest comes into view. It is wielding a +0 short sword.
A howler monkey comes into view.
The howler monkey hoots and howls with incredible vigour!
You hear a shout! x2; You hear an angry hiss.
The howler monkey barely misses you.
You hit the howler monkey.
The howler monkey is moderately wounded.
The howler monkey hits you but does no damage.
An orc comes into view. It is wielding a +0 mace.
You hit the howler monkey.
The howler monkey is heavily wounded.
The howler monkey barely misses you.
You closely miss the howler monkey.
The howler monkey is heavily wounded.
The howler monkey hits you but does no damage.
The orc priest mumbles some strange prayers to Beogh against you.
Beogh smites you!
* * * LOW HITPOINT WARNING * * *
The howler monkey hits you.
* * * LOW HITPOINT WARNING * * *
As you read the scroll of teleportation, it crumbles to dust.
You feel strangely unstable. The orc priest barely misses you.
The howler monkey hits you.
* * * LOW HITPOINT WARNING * * *
An orc wizard comes into view. It is wielding a +0 dagger.
You aren't carrying any potions.
As you read the scroll labelled NYOTZAG MEKAM, it crumbles to dust.
The scroll dissolves into smoke.
It was a scroll of fog.
The orc priest barely misses you. The howler monkey barely misses you.
As you read the scroll labelled ZUSIHU HUONENI, it crumbles to dust.
The creatures around you are filled with an inner flame!
It was a scroll of immolation.
The orc priest closely misses you.
The orc priest mumbles some strange prayers to Beogh against you.
Pain shoots through your body!
You die...

########### #..........
#.######### #.# #.# #.#
#############)#######
#...oh@oo§...........
#..##########o#########
....###..........
.........o.......
....###o.########
.........# ........#
........# ........#


You could see a howler monkey (inner flame), 2 orc priests and an orc (inner
flame).

Vanquished Creatures
  A centaur skeleton (D:3)
  A hound skeleton (D:4)
  Robin (D:2)
  4 gnolls (D:4)
  2 adders
  2 worms
  2 dart slugs
  5 orcs
  4 ball pythons
  4 endoplasms
  3 giant cockroaches
  12 goblins
  10 hobgoblins
  8 jackals
  3 kobolds
  A quokka (D:1)
  8 bats
  A frilled lizard (D:3)
  5 rats
77 creatures vanquished.

Notes
Turn   | Place    | Note
-------+----------+-------------------------------------------
     0 | Abyss:1  | croobank the Demonspawn Abyssal Knight began the quest for
                  | the Orb.
     0 | Abyss:1  | Reached XP level 1. HP: 18/18 MP: 2/2
    57 | D:1      | Escaped the Abyss
   218 | D:1      | Reached skill level 1 in Dodging
   649 | D:1      | Found a faded altar of an unknown god.
   658 | D:1      | Gained mutation: You have an unusually large brain. (Int
                  | +2) [demonic ancestry]
   658 | D:1      | Reached XP level 2. HP: 15/24 MP: 4/4
  1492 | D:1      | Reached XP level 3. HP: 25/29 MP: 5/5
  1878 | D:2      | Reached skill level 3 in Invocations
  2789 | D:2      | Learned a level 1 spell: Pain
  2907 | D:2      | Identified the +0 helmet "Josiyl Vunn" {rC- Will+ rCorr}
  2907 | D:2      | Noticed Robin
  3245 | D:2      | Reached XP level 4. HP: 28/35 MP: 6/6
  3306 | D:2      | Reached ** piety under Lugonu
  3307 | D:2      | Killed Robin
  3718 | D:3      | Found an ancient bone altar of Kikubaaqudgha.
  3871 | D:2      | HP: 1/35 [orc (2)]
  4345 | D:3      | Found an ornate altar of the Wu Jian Council.
  4652 | D:3      | Reached XP level 5. HP: 34/42 MP: 7/7
  5225 | D:4      | Reached skill level 4 in Invocations
  5276 | D:4      | Reached skill level 1 in Maces & Flails
  5301 | D:4      | Killed from afar by an orc priest

Illustrated notes

Levels and vault maps discovered:
D:1:      dpeg_arrival_circle_labyrinth_c, layout_basic,
          hellmonk_ecumenical_altar_arch_garden
D:2:      layout_loops_corners, uniq_robin
D:3:      layout_loops_corners, nicolae_kikubaaqudgha_miasma_corner,
          mainiacjoe_overflow_alcove_2, kennysheep_generic_room_3
D:4:      layout_basic, minmay_temple_entry_mini_moons, grunt_decor_arrowhead

Skill      XL: |  1  2  3  4  5 |
---------------+----------------+-----
Dodging        | 1 2 |  2.2
Axes           | 2 |  2.4
Armour         | 2 |  2.8
Invocations    | 3 4 |  4.0
Maces & Flails | 1 |  1.0
Fighting       | |  3.8

Action                   |  1- 3 |  4- 6 || total
-------------------------+-------+-------++-------
Melee: Hand axe          |   150 |    33 ||   183
       Punch             |     2 |     3 ||     5
       Whip              |       |    44 ||    44
 Cast: Pain              |     3 |       ||     3
  Use: Scroll            |     3 |     7 ||    10
       Potion            |     2 |     1 ||     3
 Stab: Sleeping          |       |     1 ||     1
Armor: Leather armour    |    54 |    25 ||    79
       Chain mail        |       |     3 ||     3
Dodge: Dodged            |    94 |    52 ||   146
